 Dungeon Crawl Stone Soup version 0.25-a0-294-gea9b1ad378 (webtiles) character file.

Game seed: 1588118149635342025, levelgen mode: deterministic

1621965 hittemvvvvvvvvvvhard the Brawler (level 27, 275/275 HPs)
             Began as a Troll Abyssal Knight on Dec 15, 2019.
             Was an Elder of Lugonu.
             Escaped with the Orb
             ... and 3 runes on Dec 18, 2019!
             The game lasted 04:36:06 (79077 turns).

hittemvvvvvvvvvvhard the Brawler (TrAK)            Turns: 79077, Time: 04:36:06

Health: 275/275    AC: 32    Str: 37 (39) XL:     27
Magic:  34/34      EV: 13    Int:  7 (8)  God:    Lugonu [****..]
Gold:   3158       SH: 31    Dex: 12 (13) Spells: 26/26 levels left

rFire    + + .     SeeInvis .     - Unarmed
rCold    + . .     Gourm    +   J - +8 large shield
rNeg     . . .     Faith    +   b - +7 storm dragon scales of Zutita Lafu {*Drain rElec Str+4 Dex+6 Slay+3}
rPois    .         Spirit   .   o - +2 hat {MR+} {MR+}
rElec    +         Reflect  .   W - scarf {rC+ rF+}
rCorr    .         Harm     .   (gloves unavailable)
MR       ++++.     Rnd*Rage +   (boots unavailable)
Stlth    ..........             T - amulet of faith {Faith, !P}
HPRegen  0.95/turn              q - ring "Haanig" {MR+ AC+5 Slay+5}
MPRegen  0.24/turn              F - ring of protection from fire

@: no status effects
A: large, unfitting armour, claws 3, hooves 1, iridescent scales 1, berserk 2,
clumsy 1, deformed body, deterioration 1, fast metabolism 3, gourmand,
regeneration 1, shaggy fur 1, tough skin 3, weak 1
0: Orb of Zot
}: 3/15 runes: decaying, serpentine, silver
a: Depart the Abyss, Bend Space, Banish, Corrupt, Renounce Religion


You escaped.
You worshipped Lugonu.
Lugonu was greatly pleased with you.
You were completely stuffed.

You visited 10 branches of the dungeon, and saw 52 of its levels.
You visited the Abyss 2 times.
You also visited: Gauntlet, Ice Cave and Wizlab.

You collected 8293 gold pieces.
You spent 5135 gold pieces at shops.

Inventory:

Missiles
 u - 6 throwing nets {=f}
 U - 85 large rocks (quivered) {!d}
Armour
 b - the +7 storm dragon scales of Zutita Lafu (worn) {*Drain rElec Str+4 Dex+6 Slay+3}
   (You acquired it on level 4 of the Snake Pit)

   It affects your strength (+4).
   It affects your dexterity (+6).
   It affects your accuracy and damage with ranged weapons and melee attacks
   (+3).
   It insulates you from electricity.
   It causes draining when unequipped.
 o - a +2 hat of magic resistance (worn) {MR+}
 J - a +8 large shield (worn)
 W - a scarf of resistance (worn)
Jewellery
 p - a +5 ring of evasion
 q - the ring "Haanig" (left claw) {MR+ AC+5 Slay+5}
   (You took it off a deep elf demonologist on level 3 of the Elven Halls)

   [ring of protection]

   It affects your AC (+5).
   It affects your accuracy and damage with ranged weapons and melee attacks
   (+5).
   It affects your resistance to hostile enchantments.
 C - an uncursed ring of resist corrosion
 F - a ring of protection from fire (right claw)
 H - an uncursed ring of flight
 P - an uncursed ring of poison resistance
 S - an uncursed ring of see invisible
 T - an amulet of faith (around neck) {Faith, !P}
Wands
 a - a wand of scattershot (2)
 d - a wand of disintegration (67)
 m - a wand of enslavement (20)
 D - a wand of digging (6)
 G - a wand of iceblast (41)
 V - a wand of clouds (1)
 Y - a wand of acid (43)
 Z - a wand of paralysis (39)
Scrolls
 f - 7 scrolls of fog
 g - 29 scrolls of remove curse
 i - 6 scrolls of identify
 r - 7 scrolls of magic mapping {!r}
 s - 5 scrolls of fear
 t - 10 scrolls of teleportation
 x - 2 scrolls of summoning
 A - a scroll of silence
 Q - 2 scrolls of holy word {!r}
Potions
 h - 4 potions of ambrosia
 j - 5 potions of cancellation
 k - 13 potions of heal wounds
 l - 9 potions of mutation {!q}
 v - 20 potions of curing
 z - 4 potions of might
 I - 7 potions of agility
 K - a potion of berserk rage {!q}
 L - 2 potions of magic
 M - 2 potions of invisibility
 X - 2 potions of resistance
Miscellaneous
 c - 3 sacks of spiders
 w - a fan of gales
 y - 2 phantom mirrors
 E - a lightning rod (4/4)
 O - a lamp of fire
Comestibles
 e - 47 rations


   Skills:
 - Level 16.3 Fighting
 + Level 18.7 Throwing
 - Level 16.3 Armour
 - Level 12.0 Dodging
 - Level 15.0 Shields
 - Level 19.5 Unarmed Combat
 - Level 17.0 Invocations
 - Level 13.5 Evocations


You had 26 spell levels left.
You didn't know any spells.
Your spell library contained the following spells:

 Spells                   Type           Power        Failure   Level  Hunger
 Animate Skeleton         Necr           N/A          75%         1    ##.....
 Apportation              Tloc           #.....       75%         1    ##.....
 Beastly Appendage        Tmut           #.....       75%         1    ##.....
 Confusing Touch          Hex            #.....       75%         1    ##.....
 Corona                   Hex            #......      75%         1    ##.....
 Foxfire                  Conj/Fire      #...         75%         1    ##.....
 Infusion                 Chrm           #...         75%         1    ##.....
 Magic Dart               Conj           #...         75%         1    ##.....
 Pain                     Necr           #...         75%         1    ##.....
 Sandblast                Erth           #.....       75%         1    ##.....
 Shock                    Conj/Air       #...         75%         1    ##.....
 Sting                    Tmut/Pois      #...         75%         1    ##.....
 Summon Butterflies       Summ           #.......     75%         1    ##.....
 Blink                    Tloc           N/A          87%         2    ###....
 Call Imp                 Summ           #.......     87%         2    ###....
 Corpse Rot               Necr/Air       N/A          87%         2    ###....
 Ensorcelled Hibernation  Hex/Ice        #.....       87%         2    ###....
 Passwall                 Tmut/Erth      #.......     87%         2    ###....
 Poisonous Vapours        Pois/Air       #.....       87%         2    ###....
 Searing Ray              Conj           #.....       87%         2    ###....
 Shroud of Golubria       Chrm/Tloc      #.....       87%         2    ###....
 Slow                     Hex            #.......     87%         2    ###....
 Song of Slaying          Chrm           #.......     87%         2    ###....
 Sticks to Snakes         Tmut           #.......     87%         2    ###....
 Sublimation of Blood     Necr           #.........   87%         2    ###....
 Swiftness                Chrm/Air       #.......     87%         2    ###....
 Call Canine Familiar     Summ           #.......     98%         3    ####...
 Confuse                  Hex            #.......     98%         3    ####...
 Conjure Flame            Conj/Fire      #.......     98%         3    ####...
 Dazzling Flash           Conj/Hex       #.....       98%         3    ####...
 Gell's Gravitas          Tloc           #.........   98%         3    ####...
 Ignite Poison            Fire/Tmut/Pois #.......     98%         3    ####...
 Lesser Beckoning         Tloc           #.........   98%         3    ####...
 Mephitic Cloud           Conj/Pois/Air  #.......     98%         3    ####...
 Regeneration             Chrm/Necr      #.........   98%         3    ####...
 Spectral Weapon          Hex/Chrm       #.......     98%         3    ####...
 Spider Form              Tmut/Pois      #.........   98%         3    ####...
 Static Discharge         Conj/Air       #.......     98%         3    ####...
 Stone Arrow              Conj/Erth      #.....       98%         3    ####...
 Teleport Other           Tloc           #.......     98%         3    ####...
 Tukima's Dance           Hex            #.......     98%         3    ####...
 Vampiric Draining        Necr           #.........   98%         3    ####...
 Airstrike                Air            #.........   100%        4    #####..
 Animate Dead             Necr           N/A          100%        4    #####..
 Cause Fear               Hex            #.........   100%        4    #####..
 Ice Form                 Ice/Tmut       #.......     100%        4    #####..
 Olgreb's Toxic Radiance  Pois           #.......     100%        4    #####..
 Petrify                  Tmut/Erth      #.......     100%        4    #####..
 Sticky Flame             Conj/Fire      #.......     100%        4    #####..
 Summon Ice Beast         Ice/Summ       #.......     100%        4    #####..
 Summon Lightning Spire   Summ/Air       #.......     100%        4    #####..
 Agony                    Necr           #.......     100%        5    ######.
 Blade Hands              Tmut           #.........   100%        5    ######.
 Bolt of Magma            Conj/Fire/Erth #.........   100%        5    ######.
 Borgnjor's Vile Clutch   Necr/Erth      #.........   100%        5    ######.
 Fireball                 Conj/Fire      #.........   100%        5    ######.
 Irradiate                Conj/Tmut      #.........   100%        5    ######.
 Iskenderun's Battlesphe  Conj/Chrm      #.......     100%        5    ######.
 Lee's Rapid Deconstruct  Erth           #.........   100%        5    ######.
 Lightning Bolt           Conj/Air       #.........   100%        5    ######.
 Metabolic Englaciation   Hex/Ice        #.........   100%        5    ######.
 Silence                  Hex/Air        #.........   100%        5    ######.
 Summon Forest            Summ/Tloc      #.........   100%        5    ######.
 Summon Mana Viper        Hex/Summ       #.......     100%        5    ######.
 Yara's Violent Unravell  Hex/Tmut       #.........   100%        5    ######.
 Darkness                 Hex            #.........   100%        6    #######
 Deflect Missiles         Chrm/Air       #.........   100%        6    #######
 Dispersal                Tloc           #.........   100%        6    #######
 Freezing Cloud           Conj/Ice/Air   #.........   100%        6    #######
 Hydra Form               Tmut           #.........   100%        6    #######
 Iron Shot                Conj/Erth      #.........   100%        6    #######
 Shadow Creatures         Summ           N/A          100%        6    #######
 Simulacrum               Ice/Necr       #.........   100%        6    #######
 Statue Form              Tmut/Erth      #........    100%        6    #######
 Dragon Form              Tmut           #.........   100%        7    #######
 Orb of Destruction       Conj           #.........   100%        7    #######
 Ring of Flames           Chrm/Fire      #.........   100%        7    #######
 Spellforged Servitor     Conj/Summ      #.........   100%        7    #######
 Summon Hydra             Summ           #.........   100%        7    #######
 Discord                  Hex            #.........   100%        8    #######
 Ignition                 Fire           #.........   100%        8    #######
 Infestation              Necr           #.........   100%        8    #######
 Dragon's Call            Summ           #.........   100%        9    #######
 Shatter                  Erth           #.........   100%        9    #######
 Tornado                  Air            #.........   100%        9    #######


Dungeon Overview and Level Annotations

Branches:
Dungeon (15/15)            Temple (0/1) D:7            Lair (6/6) D:10
  Swamp (4/4) Lair:4        Snake (4/4) Lair:2        Slime (0/5) Lair:5
    Orc (2/2) D:10            Elf (3/3) Orc:2        Vaults (5/5) D:14
  Crypt (3/3) Vaults:2       Tomb (0/3) Crypt:3      Depths (5/5) D:15
    Zot (5/5) Depths:5      IceCv (visited)          WizLab (visited)
Gauntlet (visited)

Altars:
Ashenzari
Cheibriados
Dithmenos
Elyvilon
Fedhas
Gozag
Kikubaaqudgha
Makhleb
Okawaru
Qazlal
Sif Muna
Trog
Uskayaw
Vehumet
Xom
The Shining One
Beogh
Jiyva

Shops:
D:6 =   D:7 [   D:11 (   D:14 *   Orc:2 !}[*[   Elf:1 ?   Elf:3 }(![
Snake:3 }}=   Vaults:1 [!!   Vaults:3 !   Zot:5 *   Depths:1 [%

Portals:
Hell: Lair:6 Depths:1 Depths:2 Depths:3 Depths:4 Depths:5
Abyss: Depths:1 Depths:4
Pandemonium: Depths:3
Ziggurat: Depths:2

Annotations:
D:15 corrupted
Lair:4 exclusion: 2 oklob plants
Snake:4 corrupted
Vaults:5 corrupted
Crypt:1 3 runed translucent doors, Muecso's ghost, adept GrFi
Depths:1 corrupted
Depths:3 exclusion: 2 downstairs
Depths:4 exclusion: 2 downstairs
Zot:5 corrupted, 4 exclusions
Abyss:1 Azrael; Harold; Jorgrun; Kirke; Maurice; Nergalle; Nessos; Saint Roka; Snorg; Sonja; Urug


Innate Abilities, Weirdness & Mutations

You are too large for most types of armour.
You have claws for hands.
Your metabolism is lightning-fast.
You like to eat raw meat.
Your natural rate of healing is unusually fast.
You are covered in fur. (AC +1)
You have extremely tough skin. (AC +3)
You have large cloven feet.
You are partially covered in iridescent scales. (AC +2)
You often lose your temper in combat.
You are clumsy. (Dex -2)
Armour fits poorly on your strangely shaped body.
Your body sometimes deteriorates upon taking damage.
You are weak. (Str -2)


Message History

A sixfirhy comes into view.
Health restored: 275 A cacodemon comes into view.
You block the sixfirhy's attack. The sixfirhy barely misses you.
You block the sixfirhy's attack.
There is an open door here.
A red devil, a balrug and a sun demon come into view.
The balrug is wielding a +1 demon whip of freezing.
There is an open door here.
You hear a grinding noise.
There is an open door here.
The sixfirhy hits you but does no damage.
You block the sixfirhy's attack.
A red devil comes into view. It is wielding a +0 trident.
There is a staircase leading out of the dungeon here.
Okay, then.
Unknown command.
The cacodemon gestures at the rock wall.
Some rock shatters into small pieces.
You have escaped!

........##......................#
.....)..##......................#
........####'###รท###'###.########
........##.....#.+.....#.#
.....#####+#.#####+#.###.# .....#
#...#.#.....#.#.'.#
.....###[#.#.#.....#.#.#.#
...23....#.###..>..###.#.#
.........#.#.#..@..#.#.#.#
........)..#....3..+.#...#
.........#'.2...2.'#.#+###
.........#.....+)'.....#
.........###4###'###'###
..............43.....#
.........############# .........#
.........#


You could see a cacodemon, a balrug, a sun demon, a sixfirhy and a red devil.

Levels and vault maps discovered:
D:1:      shiori_arrival_maze, layout_basic, minmay_tall_x
D:2:      layout_basic, first_ration, uniq_sigmund
D:3:      layout_basic, gammafunk_ghost_grave, kennysheep_generic_room_6
D:4:      layout_basic
D:5:      layout_cave_pools, grunt_dithmenos_shadows, basic_altar
D:6:      layout_cave_pools, gammafunk_ghost_cemetery, serial_gnoll_camp,
          gnoll_camp_mini_shop, gnoll_camp_mini_doghouse, gnoll_camp_mini_hut,
          gnoll_camp_mini_loothouse, gnoll_camp_huts_basic,
          gnoll_camp_mini_doghouse, uniq_menkaure, uniq_pikel
D:7:      layout_cave_pools, lemuel_doored_altar, grunt_temple_overflow_open,
          minmay_temple_entry_poolview, serial_shops, shop, uniq_harold
D:8:      layout_layer_cave, ashenzari_altar_1
D:9:      layout_loops_ring, slow_altar_2
D:10:     layout_long_grid, grunt_lair_entry_orc_guard_hut,
          kennysheep_orc_monster_closet_entryway
D:11:     layout_rooms, serial_shops, shop, uniq_maurice
D:12:     layout_loops_ring, the_bakery, minmay_bent
D:13:     layout_roguey, gammafunk_ghost_necromancy, uniq_urug, uniq_snorg,
          uniq_azrael
D:14:     layout_small_grid, lightli_vaults_fourway_checkpoint,
          corexii_corridor_pit, kennysheep_small_spiral, nicolae_blasting_shop,
          uniq_nessos
D:15:     hangedman_depths_entry_try_elsewhere_first, layout_basic,
          nrook_campfire
Lair:1:   layout_gridlike, infiniplex_staircase_pool_2
Lair:2:   layout_gridlike, minmay_snake_entry_six_corridors, uniq_nergalle
Lair:3:   layout_concentric_octagons, beast_lair_carwin_1, lemuel_fruit_fields,
          grunt_megastairs_4
Lair:4:   minmay_lair_oklob_tunnel, layout_layer_cave,
          nicolae_swamp_entry_splash_gauntlet, kennysheep_basilisk_garden,
          uniq_kirke
Lair:5:   layout_concentric_octagons, slime_altar_1, uniq_sonja
Lair:6:   evil_forest, layout_concentric_octagons, gauntlet_entry_generic,
          ebering_ghost_inner_flame, lemuel_fruit_tree
Swamp:1:  layout_basic_swamp, nicolae_swamp_godswood, uniq_josephine
Swamp:2:  layout_falls_marsh, hangedman_swamp_blocks, swamp_pool1,
          st_swamp_ruins_2, uniq_aizul
Swamp:3:  layout_basic_swamp, evilmike_swamp_ruin_house_3
Swamp:4:  swamp, layout_basic_swamp, portal_ice_cave_entry_dragon
Snake:1:  layout_gridlike
Snake:2:  layout_misc_corridors, chequers_hall_statues_corner_a,
          fake_guardian_serpent_vault
Snake:3:  hangedman_cross_veins, layout_gridlike, minmay_shop_grove, uniq_nikola
Snake:4:  snake_pit_salamanders_mu, layout_cave_town, corexii_hall_statues_i
Orc:1:    layout_caves
Orc:2:    st_orc_town, layout_caves, serial_shops, shop, uniq_jorgrun
Elf:1:    layout_loops_cross, serial_shops, shop, hangedman_elf_represent
Elf:2:    layout_gridlike, infiniplex_enter_wizlab_glasses, dk_noncrumbling_4
Elf:3:    elf_hall_gauntlet_wide, layout_loops_corners, serial_shops, shop,
          shop, nicolae_shop_overgrown_old_shop, shop
Vaults:1: vaults_dpeg_encased_lava, vaults_room_pools, v_rooms_2,
          vaults_room_pool, v_rooms_3, dpeg_vaults_waves,
          nicolae_vaults_windows_and_doors_thing, hangedman_vaults_nails,
          v_misc_5, ontoclasm_vaults_loading_screen, nicolae_vaults_theta,
          nicolae_vaults_yaktaur_gun_rack, grunt_vaults_hallway_long,
          layout_vaults_omnicross, serial_shops, shop, shop, shop_statue
Vaults:2: nicolae_vaults_triangles, minmay_crypt_entry_simple_round,
          st_quartered_hall, vaults_room_fancy_cross, v_misc_33,
          hangedman_vaults_pinch, nicolae_vaults_sealed_display,
          ontoclasm_vaults_idyll, vaults_room_grid, vaults_dpeg_hooks,
          layout_vaults_omnigrid, uniq_saint_roka
Vaults:3: vaults_standard_mumra_enter_the_diamond, hangedman_vaults_hat,
          v_misc_33, v_misc_13, vaults_room_grid, vaults_mumra_hexcomb,
          v_pattern_5, v_alt_pattern_6, layout_vaults_ring, serial_shops,
          nicolae_shop_statue_plus, uniq_jory
Vaults:4: v_alt_pattern_2, nicolae_vaults_three_branches, v_misc_28,
          vaults_room_hallway, hangedman_vaults_nodes, v_misc_8,
          hangedman_vaults_variations, v_misc_11, v_misc_8,
          grunt_vaults_hallway_long, layout_vaults_maze_snakey
Vaults:5: serial_shops
Crypt:1:  layout_catacombs, gammafunk_ghost_split,
          lemuel_mausoleum_altar_kikubaaqudgha
Crypt:2:  layout_rooms
Crypt:3:  due_elkab, layout_chaotic_city, gammafunk_ghost_necromancy
Depths:1: layout_big_octagon, grunt_hell_entry_dis_grunt, roderic_lattice_a,
          abyss_entry, serial_shops, shop_fountains, shop,
          minmay_fractal_squares_diagonal_5, uniq_mara
Depths:2: minmay_quantized_circle, layout_gridlike, enter_ziggurat_b,
          hell_entry, serial_bayou_shore_a
Depths:3: minmay_the_grid_octo_tiled_squarecenter
          [minmay_the_grid_octo_odd_swirl, minmay_the_grid_octo_shrine,
          minmay_the_grid_octo_vomiting_pacman, minmay_the_grid_octo_clover,
          minmay_the_grid_square_5x5_megaprize_diamond,
          minmay_the_grid_square_5x5_c, minmay_the_grid_square_5x5_doubleslash,
          minmay_the_grid_square_5x5_three,
          minmay_the_grid_square_5x5_tetrominoes], layout_gridlike, pan_entry,
          basic_altar, hell_entry, serial_bayou_shore_b,
          minmay_staircase_windowed_small, uniq_enchantress
Depths:4: kennysheep_blocky_hall, layout_cave_pools, minmay_stone_trees_medium,
          abyss_entry, hell_entry, special_room [special_room_morgue]
Depths:5: evilmike_zot_entry_diamond, layout_cave_shapes, hell_entry,
          okawaru_ov_weapons_minmay, kennysheep_four_rooms, grunt_megastairs_2
Zot:1:    layout_gridlike, amethyst_zot_foddershock
Zot:2:    layout_basic, hangedman_zot_decor_slant, hangedman_snap_crack_crunch
Zot:3:    layout_basic
Zot:4:    layout_onion_interference
Zot:5:    layout_twisted_circle, nicolae_transmutations_shop

Notes
Turn   | Place    | Note
-------+----------+-------------------------------------------
     0 | Abyss:1  | hittemvvvvvvvvvvhard the Troll Abyssal Knight began the
                  | quest for the Orb.
     0 | Abyss:1  | Reached XP level 1. HP: 22/22 MP: 1/1
    15 | D:1      | Escaped the Abyss
    61 | D:1      | Reached * piety under Lugonu
   129 | D:1      | Reached XP level 2. HP: 26/29 MP: 2/2
   402 | D:1      | Reached skill level 3 in Fighting
   404 | D:1      | Reached XP level 3. HP: 37/37 MP: 3/3
   503 | D:1      | Reached skill level 3 in Unarmed Combat
   846 | D:2      | Reached ** piety under Lugonu
   905 | D:2      | Reached skill level 2 in Invocations
   905 | D:2      | Reached XP level 4. HP: 36/45 MP: 4/4
  1482 | D:2      | Noticed Sigmund
  1499 | D:2      | Killed Sigmund
  1499 | D:2      | Reached skill level 4 in Unarmed Combat
  1499 | D:2      | Reached skill level 3 in Invocations
  1499 | D:2      | Reached XP level 5. HP: 31/53 MP: 4/6
  1709 | D:3      | Found a runed translucent door.
  1709 | D:3      | Noticed argonath's ghost (amateur HaHu)
  2027 | D:2      | Reached XP level 6. HP: 41/61 MP: 7/7
  2068 | D:3      | Reached skill level 5 in Unarmed Combat
  2661 | D:4      | Reached skill level 6 in Unarmed Combat
  2733 | D:4      | Reached XP level 7. HP: 66/67 MP: 8/8
  2893 | D:4      | Reached skill level 7 in Unarmed Combat
  3229 | D:4      | Reached *** piety under Lugonu
  3324 | D:5      | Entered Level 5 of the Dungeon
  3516 | D:5      | Reached skill level 4 in Invocations
  3682 | D:5      | Found a shadowy altar of Dithmenos.
  3824 | D:5      | Reached XP level 8. HP: 75/75 MP: 10/10
  3856 | D:5      | Reached skill level 5 in Invocations
  4139 | D:5      | Found a shimmering altar of Xom.
  4343 | D:6      | Found a runed translucent gate.
  4343 | D:6      | Found a runed translucent gate.
  4343 | D:6      | Found a runed translucent gate.
  4343 | D:6      | Noticed night's ghost (novice DsNe)
  4343 | D:6      | Noticed Borgoz's ghost (novice KoFi)
  4400 | D:5      | Reached skill level 8 in Unarmed Combat
  4515 | D:5      | Reached skill level 6 in Invocations
  4622 | D:6      | Noticed Pikel
  4624 | D:6      | Banished Pikel
  4624 | D:6      | Reached skill level 7 in Invocations
  4851 | D:6      | Killed Menkaure
  4978 | D:6      | Reached skill level 8 in Invocations
  5017 | D:6      | Reached **** piety under Lugonu
  5017 | D:6      | Reached XP level 9. HP: 81/81 MP: 12/14
  5048 | D:6      | Reached skill level 2 in Dodging
  5389 | D:6      | Found Dulaurph's Jewellery Shoppe.
  5831 | D:6      | Bought an uncursed ring of protection from magic for 350
                  | gold pieces
  5869 | D:6      | Reached skill level 3 in Dodging
  5881 | D:7      | Reached skill level 4 in Fighting
  5914 | D:7      | Reached skill level 9 in Unarmed Combat
  5937 | D:7      | Noticed Harold
  6038 | D:7      | Found a stormy altar of Qazlal.
  6040 | D:7      | Found a bloodstained altar of Trog.
  6041 | D:7      | Found a white marble altar of Elyvilon.
  6059 | D:7      | Reached skill level 5 in Fighting
  6184 | D:7      | Banished Harold
  6184 | D:7      | Reached XP level 10. HP: 97/97 MP: 4/15
  6518 | D:7      | Reached skill level 10 in Unarmed Combat
  6674 | D:7      | Reached skill level 6 in Fighting
  6725 | D:7      | Found Difiquruna's Armour Boutique.
  6781 | D:7      | Found an opulent altar of Gozag.
  6988 | D:7      | Found a staircase to the Ecumenical Temple.
  7064 | D:7      | Found an iron altar of Okawaru.
  7233 | D:8      | Found a shattered altar of Ashenzari.
  8358 | D:9      | Noticed a two-headed ogre
  8359 | D:9      | Banished a two-headed ogre
  8772 | D:9      | Found a snail-covered altar of Cheibriados.
  8948 | D:10     | Entered Level 10 of the Dungeon
  8995 | D:10     | Reached skill level 7 in Fighting
  9010 | D:10     | Reached skill level 11 in Unarmed Combat
  9137 | D:10     | Found a staircase to the Orcish Mines.
  9734 | D:10     | Reached XP level 11. HP: 104/111 MP: 14/16
  9879 | D:10     | Found a staircase to the Lair.
 10060 | D:10     | Reached skill level 1 in Evocations
 10138 | Lair:1   | Entered Level 1 of the Lair of Beasts
 10299 | Lair:1   | Reached skill level 8 in Fighting
 10307 | Lair:1   | Reached skill level 2 in Evocations
 10393 | Lair:1   | Noticed a four-headed hydra
 10394 | Lair:1   | Banished a four-headed hydra
 10735 | Lair:1   | Reached skill level 3 in Evocations
 11136 | Lair:2   | Reached skill level 1 in Shields
 11341 | Lair:2   | Found a staircase to the Snake Pit.
 11570 | Lair:2   | Reached skill level 12 in Unarmed Combat
 11644 | Lair:2   | Reached skill level 2 in Shields
 11835 | Lair:2   | Reached skill level 4 in Evocations
 11956 | Lair:2   | Noticed Nergalle
 11957 | Lair:2   | Banished Nergalle
 12160 | Lair:2   | Reached skill level 3 in Shields
 12222 | Lair:2   | Got a bloodstained dagger
 12492 | Lair:3   | Noticed an eight-headed hydra
 12493 | Lair:3   | Banished an eight-headed hydra
 12507 | Lair:3   | Reached skill level 9 in Invocations
 12600 | Lair:3   | Reached XP level 12. HP: 94/119 MP: 12/17
 12697 | Lair:3   | Reached skill level 4 in Shields
 12721 | Lair:3   | Reached skill level 5 in Evocations
 13114 | Lair:3   | Reached skill level 5 in Shields
 13516 | Lair:3   | Reached skill level 10 in Invocations
 13756 | Lair:4   | Reached ***** piety under Lugonu
 14533 | Lair:4   | Noticed Kirke
 14549 | Lair:4   | Banished Kirke
 14568 | Lair:4   | Reached skill level 4 in Dodging
 15589 | Lair:4   | Found a staircase to the Swamp.
 15756 | Lair:5   | Reached XP level 13. HP: 92/128 MP: 16/19
 15906 | Lair:5   | Noticed Sonja
 15907 | Lair:5   | Banished Sonja
 15907 | Lair:5   | Reached skill level 6 in Shields
 16313 | Lair:5   | Reached skill level 6 in Evocations
 16605 | Lair:5   | Found a staircase to the Slime Pits.
 16605 | Lair:5   | Found a viscous altar of Jiyva.
 16801 | Lair:6   | Entered Level 6 of the Lair of Beasts
 16885 | Lair:6   | Found a gate leading to a gauntlet.
 16895 | Gauntlet | Entered a Gauntlet
 16895 | Gauntlet | Found a transporter.
 16942 | Gauntlet | Found a transporter.
 16950 | Gauntlet | Found a transporter.
 16952 | Gauntlet | Found a transporter.
 16953 | Gauntlet | Found the macabre finger necklace {rN+}
 16963 | Gauntlet | Found a transporter.
 16978 | Gauntlet | Found a transporter.
 16980 | Gauntlet | Noticed a green death
 16988 | Gauntlet | Found a transporter.
 16998 | Gauntlet | Found a runed translucent door.
 16998 | Gauntlet | Found a transporter.
 16999 | Gauntlet | Found a runed translucent door.
 17010 | Gauntlet | Found a transporter.
 17010 | Gauntlet | Found a transporter.
 17012 | Gauntlet | Found a transporter.
 17032 | Gauntlet | Found a transporter.
 17046 | Gauntlet | Found a transporter.
 17054 | Gauntlet | Found a transporter.
 17316 | Gauntlet | Reached skill level 9 in Fighting
 17328 | Gauntlet | Reached skill level 11 in Invocations
 17408 | Gauntlet | Identified the cursed +3 hand axe of Giciukk {vamp, +Rage
                  | Int-2 Dex+3}
 17408 | Gauntlet | Identified the ring of Relativism {*Drain rElec rN++
                  | Slay+3}
 17408 | Gauntlet | Noticed a minotaur
 17410 | Gauntlet | Banished a minotaur
 17842 | Lair:6   | Reached skill level 13 in Unarmed Combat
 17850 | Lair:6   | Reached skill level 7 in Shields
 18014 | Lair:6   | Found a runed translucent door.
 18015 | Lair:6   | Noticed bmj180's ghost (journeyman GnWn)
 18564 | Lair:6   | Found a burning altar of Makhleb.
 18587 | Lair:6   | HP: 28/131 [sun demon (9)]
 19068 | Lair:6   | Reached XP level 14. HP: 88/140 MP: 13/21
 19186 | Lair:6   | Found a gateway to Hell.
 19608 | D:6      | Bought a +5 ring of protection for 770 gold pieces
 19816 | D:11     | Found Geipt's Weapon Shop.
 20058 | D:11     | Noticed Maurice
 20062 | D:11     | Banished Maurice
 21532 | Orc:1    | Entered Level 1 of the Orcish Mines
 21544 | D:10     | Reached skill level 10 in Fighting
 21576 | D:10     | Upgraded the game from 0.25-a0-292-gaa31f046c4 to
                  | 0.25-a0-294-gea9b1ad378
 21604 | D:10     | Reached skill level 8 in Shields
 22059 | Orc:2    | Entered Level 2 of the Orcish Mines
 22072 | Orc:2    | Noticed Jorgrun
 22086 | Orc:2    | Banished Jorgrun
 22129 | Orc:2    | Found a staircase to the Elven Halls.
 22485 | Orc:2    | Reached skill level 12 in Invocations
 22668 | Orc:2    | Found a roughly hewn altar of Beogh.
 23081 | Orc:2    | Found Mijukh's Gadget Emporium.
 23081 | Orc:2    | Found Pejim's Distillery.
 23156 | Orc:2    | Bought a potion of haste for 160 gold pieces
 23156 | Orc:2    | Bought a potion of heal wounds for 80 gold pieces
 23156 | Orc:2    | Bought a potion of might for 64 gold pieces
 23196 | Orc:2    | Reached skill level 14 in Unarmed Combat
 23380 | Orc:2    | Found Aneosag's Assorted Antiques.
 23380 | Orc:2    | Found Zidgh's Armour Boutique.
 23385 | Orc:2    | Bought a potion of heal wounds for 110 gold pieces
 23385 | Orc:2    | Bought a sedimented green potion for 19 gold pieces
 23438 | Orc:2    | Found Ahas Una's Armour Emporium.
 23985 | D:13     | Noticed Azrael
 24029 | D:13     | Banished Azrael
 24320 | D:13     | Reached skill level 9 in Shields
 24345 | D:13     | Noticed Snorg
 24346 | D:13     | Banished Snorg
 24389 | D:13     | Noticed Urug
 24390 | D:13     | Banished Urug
 24623 | D:13     | Found a runed translucent gate.
 24623 | D:13     | Found a runed translucent gate.
 24623 | D:13     | Found a runed translucent gate.
 24624 | D:13     | Noticed Suq Sot's ghost (journeyman DrSk)
 24810 | D:14     | Found Jezxokh's Demolitions Depot.
 24988 | D:14     | Reached skill level 11 in Fighting
 25026 | D:14     | Bought a wand of clouds (6) for 360 gold pieces
 25026 | D:14     | Bought a wand of scattershot (6) for 360 gold pieces
 25103 | D:14     | Found a gate to the Vaults.
 25118 | D:14     | Noticed Nessos
 25126 | D:14     | Reached XP level 15. HP: 128/153 MP: 18/23
 25130 | D:14     | Banished Nessos
 25412 | D:14     | Reached ****** piety under Lugonu
 26257 | D:15     | Entered Level 15 of the Dungeon
 26290 | D:15     | Reached skill level 5 in Dodging
 26569 | D:15     | Corrupted D:15
 26569 | D:15     | Noticed a lich
 26576 | D:15     | Noticed a Hell Sentinel
 26726 | D:15     | Found a staircase to the Depths.
 27397 | Swamp:1  | Entered Level 1 of the Swamp
 27490 | Swamp:1  | Noticed Josephine
 27508 | Lair:4   | Killed Josephine
 27508 | Lair:4   | Reached skill level 10 in Shields
 27913 | Swamp:1  | Reached skill level 7 in Evocations
 27940 | Swamp:1  | HP: 31/154 [alligator[an alligator] (14)]
 28149 | Swamp:1  | Noticed a thorn hunter
 28153 | Swamp:1  | Banished a thorn hunter
 28282 | Swamp:1  | Found a shimmering blue altar of Sif Muna.
 28372 | Swamp:1  | Identified Minekhuu's Incunabulum of Unholy Creation
 29586 | Swamp:2  | Reached XP level 16. HP: 144/165 MP: 14/24
 29794 | Swamp:2  | Noticed Aizul
 29846 | Swamp:2  | HP: 39/165 [swamp worm (46)]
 30028 | Swamp:1  | Killed Aizul
 30576 | Swamp:3  | Reached skill level 12 in Fighting
 30675 | Swamp:3  | Noticed a thorn hunter
 30676 | Swamp:3  | Banished a thorn hunter
 30896 | Swamp:3  | Reached skill level 1 in Armour
 31308 | Swamp:3  | Reached skill level 2 in Armour
 31814 | Swamp:4  | Entered Level 4 of the Swamp
 31932 | Swamp:4  | Found a frozen archway.
 31962 | IceCv    | Entered an ice cave
 32195 | IceCv    | Reached skill level 8 in Evocations
 32642 | IceCv    | Reached skill level 3 in Armour
 33229 | IceCv    | Got a vibrating ivory amulet
 33396 | Swamp:4  | Reached skill level 4 in Armour
 33396 | Swamp:4  | Reached skill level 11 in Shields
 33579 | Swamp:4  | Identified the amulet "Goubydefer" {Harm *Drain rElec rF-
                  | Int+2} (You found it in an ice cave)
 33599 | Swamp:4  | Noticed a thorn hunter
 33701 | Swamp:4  | Reached skill level 13 in Invocations
 33937 | Swamp:4  | Noticed a thorn hunter
 33943 | Swamp:4  | Banished a thorn hunter
 33943 | Swamp:4  | Reached skill level 15 in Unarmed Combat
 34121 | Swamp:4  | Got a transparent cloak
 34138 | Swamp:4  | Identified the +2 cloak "Fuminn" {*Contam rN+ Str+3 Int+3}
                  | (You found it on level 4 of the Swamp)
 34244 | Swamp:4  | Banished a thorn hunter
 34555 | Swamp:4  | Got a decaying rune of Zot
 34803 | Snake:1  | Entered Level 1 of the Snake Pit
 35136 | Lair:2   | Reached skill level 5 in Armour
 35217 | Snake:1  | Reached XP level 17. HP: 165/175 MP: 21/25
 36071 | Snake:1  | Reached skill level 6 in Armour
 36320 | Snake:1  | hittemvvvvvvvvvvhard: !streak nee
 36320 | Snake:1  | beem: nee has 5 consecutive wins (OgBe, HOGl, GnIE, CeAr,
                  | FoFi) and has won their last 2 games (CeWn, GhFE).
 37340 | Snake:3  | Noticed Nikola
 37348 | Snake:3  | Banished Nikola
 37348 | Snake:3  | Reached skill level 7 in Armour
 37650 | Snake:3  | Found Cenuet's Jewellery Emporium.
 37651 | Snake:3  | Found Leymn's Gadget Shop.
 37651 | Snake:3  | Found Zuadghai's Gadget Shop.
 37665 | Snake:3  | Bought a wand of acid (6) for 260 gold pieces
 37665 | Snake:3  | Bought a wand of scattershot (5) for 351 gold pieces
 37665 | Snake:3  | Bought a box of beasts for 260 gold pieces
 38244 | Snake:3  | Reached skill level 13 in Fighting
 38802 | Snake:4  | Entered Level 4 of the Snake Pit
 39026 | Snake:4  | Reached skill level 8 in Armour
 40100 | Snake:4  | Identified a scroll of acquirement
 40104 | Snake:4  | Got dazzling storm dragon scales
 40115 | Snake:4  | Identified the +7 storm dragon scales of Zutita Lafu
                  | {*Drain rElec Str+4 Dex+6 Slay+3} (You acquired it on level
                  | 4 of the Snake Pit)
 40229 | Snake:4  | Corrupted Snake:4
 40520 | Snake:4  | Reached skill level 12 in Shields
 40570 | Snake:4  | Reached XP level 18. HP: 143/185 MP: 20/26
 41011 | Snake:4  | Reached skill level 9 in Armour
 41011 | Snake:4  | Reached skill level 16 in Unarmed Combat
 41583 | Snake:4  | Reached skill level 10 in Armour
 41676 | Snake:4  | Got a serpentine rune of Zot
 42075 | D:3      | Killed argonath's ghost
 42163 | D:6      | Killed night's ghost
 42164 | D:6      | Killed Borgoz's ghost
 42414 | D:13     | Killed Suq Sot's ghost
 42812 | Lair:6   | Killed bmj180's ghost
 43016 | Elf:1    | Entered Level 1 of the Elven Halls
 43128 | Elf:1    | Noticed a deep elf demonologist
 43134 | Elf:1    | Noticed a Hell Sentinel
 43137 | Elf:1    | Killed a deep elf demonologist
 43401 | Elf:1    | Found Deoloil's Magic Scroll Shoppe.
 43414 | Elf:1    | Bought a scroll of enchant armour for 120 gold pieces
 43422 | Elf:1    | Reached skill level 11 in Armour
 43703 | Elf:2    | Found a magical portal.
 43795 | WizLab   | Reached skill level 13 in Shields
 44236 | WizLab   | Noticed Mown
 44239 | WizLab   | Banished Mown the Hellbinder
 44361 | WizLab   | Found a burning altar of Makhleb.
 44420 | WizLab   | Identified Piareb Fisch's Compendium of Summoning
 44549 | Elf:2    | Reached XP level 19. HP: 182/193 MP: 24/27
 44757 | Elf:2    | Noticed a deep elf demonologist
 44774 | Elf:2    | Killed a deep elf demonologist
 44787 | Elf:2    | Noticed a deep elf sorcerer
 44813 | Elf:2    | Killed a deep elf sorcerer
 45225 | Elf:2    | Found a runed translucent gate.
 45225 | Elf:2    | Found a runed translucent gate.
 45225 | Elf:2    | Found a runed translucent gate.
 45343 | Elf:2    | Reached skill level 12 in Armour
 46097 | Vaults:1 | Entered Level 1 of the Vaults
 46287 | Vaults:1 | Paralysed by a floating eye for 2 turns
 46318 | Vaults:1 | Reached skill level 14 in Shields
 46421 | Vaults:1 | Found Matz's Distillery.
 46448 | Vaults:1 | Bought a potion of heal wounds for 95 gold pieces
 46448 | Vaults:1 | Bought a potion of might for 76 gold pieces
 47076 | Vaults:1 | Reached skill level 13 in Armour
 47188 | Vaults:1 | Found Medghasm's Antique Armour Boutique.
 47417 | Vaults:1 | Found Zevios Teyg's Distillery.
 47421 | Vaults:1 | Bought a potion of invisibility for 136 gold pieces
 47421 | Vaults:1 | Bought a potion of heal wounds for 85 gold pieces
 47421 | Vaults:1 | Bought a potion of heal wounds for 85 gold pieces
 47853 | Vaults:2 | Reached skill level 15 in Shields
 48184 | Vaults:2 | Found a staircase to the Crypt.
 48184 | Vaults:2 | Noticed Saint Roka
 48423 | Vaults:2 | Reached XP level 20. HP: 198/202 MP: 26/28
 48587 | Vaults:2 | Noticed an entropy weaver
 48610 | Vaults:2 | Killed an entropy weaver
 48932 | Vaults:2 | Banished Saint Roka
 49766 | Vaults:2 | Reached skill level 6 in Dodging
 50187 | Vaults:3 | Found Kanuilio's Distillery.
 50230 | Vaults:3 | Bought a potion of heal wounds for 50 gold pieces
 50230 | Vaults:3 | Bought a potion of agility for 40 gold pieces
 50230 | Vaults:3 | Bought a potion of might for 40 gold pieces
 50230 | Vaults:3 | Bought a potion of agility for 40 gold pieces
 50230 | Vaults:3 | Bought 2 potions of might for 80 gold pieces
 50392 | Vaults:3 | Noticed a lich
 50409 | Vaults:3 | Killed a lich
 50620 | Vaults:3 | Got a twisted short sword
 50621 | Vaults:3 | Identified the +4 short sword of the Lonely Emperors
                  | {flame, rF+ Str+2 Dex+4} (You found it on level 3 of the
                  | Vaults)
 50680 | Vaults:3 | Noticed Jory
 50697 | Vaults:3 | Killed Jory
 50778 | Vaults:3 | Reached skill level 9 in Evocations
 51733 | Vaults:4 | Reached skill level 7 in Dodging
 51741 | Vaults:4 | Reached XP level 21. HP: 195/211 MP: 23/30
 52369 | Vaults:4 | Reached skill level 1 in Throwing
 52457 | Vaults:4 | Noticed an entropy weaver
 52468 | Vaults:4 | Killed an entropy weaver
 52627 | Vaults:4 | Reached skill level 2 in Throwing
 52788 | Vaults:4 | Reached skill level 14 in Invocations
 53341 | Elf:3    | Entered Level 3 of the Elven Halls
 53347 | Elf:3    | Found Wasam's Gadget Shoppe.
 53364 | Elf:3    | Bought a box of beasts for 380 gold pieces
 53573 | Elf:3    | Found Jerul's Antique Armour Boutique.
 53590 | Elf:3    | Reached skill level 3 in Throwing
 53672 | Elf:3    | Reached skill level 17 in Unarmed Combat
 53837 | Elf:3    | Found Huladysu's Distillery.
 53845 | Elf:3    | Bought 2 potions of might for 160 gold pieces
 53902 | Elf:3    | Found Iseagyt's Weapon Shop.
 54223 | Elf:3    | Noticed a deep elf demonologist
 54237 | Elf:3    | Noticed a Tzitzimitl
 54239 | Elf:3    | Killed a deep elf demonologist
 54253 | Elf:3    | Noticed a deep elf demonologist
 54267 | Elf:3    | Killed a deep elf demonologist
 54273 | Elf:3    | Noticed a deep elf demonologist
 54290 | Elf:3    | Killed a deep elf demonologist
 54339 | Elf:3    | Noticed a deep elf sorcerer
 54352 | Elf:3    | Killed a deep elf sorcerer
 54471 | Elf:3    | Reached skill level 4 in Throwing
 54504 | Elf:3    | Identified the ring "Idilyst" {Str-4 Int+2 Dex+5 Stlth-}
 54512 | Elf:3    | Noticed a deep elf sorcerer
 54519 | Elf:3    | Killed a deep elf sorcerer
 54751 | Elf:3    | Noticed a deep elf sorcerer
 54762 | Elf:3    | Killed a deep elf sorcerer
 54762 | Elf:3    | Reached skill level 14 in Fighting
 54762 | Elf:3    | Reached skill level 14 in Armour
 54765 | Elf:3    | Noticed a deep elf demonologist
 54780 | Elf:3    | Killed a deep elf demonologist
 54969 | Elf:3    | Identified the +7 scimitar of Forgiveness {vamp, +Blink
                  | Dex+4}
 54969 | Elf:3    | Identified the ring "Haanig" {MR+ AC+5 Slay+5}
 54969 | Elf:3    | Noticed a deep elf demonologist
 54981 | Elf:3    | Identified the cursed +1 battleaxe of the Heavens {vamp,
                  | +Rage rElec Str-2 Dex+7}
 54989 | Elf:3    | Killed a deep elf demonologist
 55343 | Elf:3    | Identified the Collected Works on Doomed Ignition
 55394 | Elf:3    | Identified Vetrilur's Volume of the Volcanoes and
                  | Intoxication
 55405 | Elf:3    | Identified the Catalogue of Translocation
 55493 | Elf:3    | Identified the Catalogue of Damaging Hexes
 55683 | D:11     | Identified the +2 dagger of World's End {flame, Str+5} (You
                  | found it on level 2 of the Lair of Beasts)
 56068 | Depths:1 | Entered Level 1 of the Depths
 56096 | Depths:1 | Found Jadut's Food Shop.
 56108 | Depths:1 | Reached skill level 5 in Throwing
 56120 | Depths:1 | Reached skill level 8 in Dodging
 56139 | Depths:1 | Noticed a caustic shrike
 56142 | Depths:1 | Banished a caustic shrike
 56146 | Depths:1 | Noticed a caustic shrike
 56271 | Depths:1 | Noticed a caustic shrike
 56290 | Depths:1 | Banished a caustic shrike
 56290 | Depths:1 | Reached XP level 22. HP: 223/223 MP: 31/31
 56300 | Depths:1 | Killed a caustic shrike
 56361 | Depths:1 | Found Ropnabau's Armour Shop.
 56379 | Depths:1 | Noticed Mara
 56393 | Depths:1 | Noticed hittemvvvvvvvvvvhard's illusion
 56420 | D:15     | Killed Mara
 56420 | D:15     | Reached skill level 10 in Evocations
 56435 | Depths:1 | Reached skill level 6 in Throwing
 56498 | Depths:1 | Found a one-way gate to the infinite horrors of the Abyss.
 57329 | Depths:2 | Noticed a lich
 57337 | Depths:2 | Killed a lich
 57357 | Depths:2 | Reached skill level 7 in Throwing
 57802 | Depths:2 | Noticed a lich
 57806 | Depths:2 | Killed a lich
 57918 | Depths:2 | Got a pitted halberd
 58202 | Depths:2 | Reached skill level 8 in Throwing
 58240 | Depths:2 | Found a gateway to a ziggurat.
 58461 | Depths:2 | Noticed a juggernaut
 58470 | Depths:2 | Killed a juggernaut
 58911 | Depths:3 | Noticed a deep elf sorcerer
 58917 | Depths:3 | Killed a deep elf sorcerer
 59023 | Depths:3 | Reached XP level 23. HP: 232/232 MP: 33/33
 59086 | Depths:3 | Got a dazzling hand crossbow
 59087 | Depths:3 | Found a blossoming altar of Fedhas.
 59108 | Depths:3 | Found a radiant altar of Vehumet.
 59116 | Depths:3 | Found a hide-covered altar of Uskayaw.
 59116 | Depths:3 | Found a hide-covered altar of Uskayaw.
 59117 | Depths:3 | Identified the cursed +0 hand crossbow of the Wary Princes
                  | {speed, *Drain rN+ MR+ Stlth+} (You found it on level 3 of
                  | the Depths)
 59132 | Depths:3 | Reached skill level 15 in Invocations
 59382 | Depths:3 | Found a glowing golden altar of the Shining One.
 59450 | Depths:3 | Found a one-way gate leading to the halls of Pandemonium.
 59536 | Depths:3 | Noticed a lich
 59540 | Depths:3 | Killed a lich
 59548 | Depths:3 | Reached skill level 18 in Unarmed Combat
 59648 | Depths:3 | Reached skill level 9 in Throwing
 59675 | Depths:3 | Noticed the Enchantress
 59729 | Depths:3 | Killed the Enchantress
 59791 | Depths:3 | Reached skill level 11 in Evocations
 60636 | Depths:3 | Reached skill level 15 in Fighting
 60638 | Depths:3 | Reached skill level 15 in Armour
 61080 | Depths:3 | Reached skill level 10 in Throwing
 61450 | Depths:4 | Noticed an ancient lich
 61833 | Depths:3 | Killed an ancient lich
 61986 | Depths:3 | Reached skill level 11 in Throwing
 62561 | Depths:4 | Identified Kikubaaqudgha's Volume of Dark Arts
 62593 | Depths:4 | Noticed a lich
 62593 | Depths:4 | Noticed a lich
 62625 | Depths:4 | Killed a lich
 62625 | Depths:4 | Reached skill level 12 in Throwing
 62698 | Depths:4 | Identified the +7 hand axe of Viodir {freeze, rElec Str+3}
                  | (You found it on level 4 of the Depths)
 62731 | Depths:4 | Reached XP level 24. HP: 210/242 MP: 29/33
 62735 | Depths:4 | Reached skill level 12 in Evocations
 62924 | Depths:4 | You fall into a shaft and drop 1 floor!
 62924 | Depths:5 | Entered Level 5 of the Depths
 63186 | Depths:5 | Noticed a juggernaut
 63367 | Depths:5 | Killed a juggernaut
 63665 | Depths:5 | Found an iron altar of Okawaru.
 64520 | Depths:5 | Found a gate to the Realm of Zot.
 65023 | Crypt:1  | Entered Level 1 of the Crypt
 65024 | Crypt:1  | Noticed Muecso's ghost (adept GrFi)
 65028 | Crypt:1  | Noticed an ancient lich
 65029 | Crypt:1  | Noticed a curse skull
 65275 | Crypt:1  | Killed a curse skull
 65409 | Crypt:1  | Found a runed translucent gate.
 65412 | Crypt:1  | Found a runed translucent gate.
 65413 | Crypt:1  | Found a runed translucent gate.
 66301 | Crypt:1  | Found an ancient bone altar of Kikubaaqudgha.
 66332 | Crypt:2  | Noticed a curse skull
 66914 | Crypt:1  | Killed a curse skull
 67085 | Crypt:2  | Reached skill level 9 in Dodging
 67275 | Crypt:2  | Noticed a curse skull
 67287 | Crypt:3  | Entered Level 3 of the Crypt
 67430 | Crypt:3  | HP: 42/243 [??? (31)]
 67431 | Crypt:3  | Killed a curse skull
 67656 | Crypt:3  | Found a runed translucent gate.
 67656 | Crypt:3  | Found a runed translucent gate.
 67656 | Crypt:3  | Found a runed translucent gate.
 67656 | Crypt:3  | Noticed Konwih's ghost (veteran FoFi)
 67880 | Crypt:2  | Reached XP level 25. HP: 204/251 MP: 25/33
 68189 | Crypt:3  | Found a staircase to the Tomb.
 68577 | Crypt:3  | Identified Khufu's Guide on Necromancy
 68716 | Crypt:3  | Noticed an ancient lich
 68728 | Crypt:3  | Killed an ancient lich
 68880 | Crypt:3  | Reached skill level 13 in Throwing
 69063 | Crypt:3  | Got a crude mace
 69064 | Crypt:3  | Identified the +5 mace of Causality {elec, rF+++ MP+9
                  | Str+4} (You found it on level 3 of the Crypt)
 69700 | Crypt:3  | Killed Konwih's ghost
 70087 | Crypt:3  | Identified the +7 morningstar "Taykhor" {pain, *Noise
                  | *Drain Str+6 Dex+2} (You found it on level 3 of the Crypt)
 70930 | Vaults:5 | Entered Level 5 of the Vaults
 70932 | Vaults:5 | Corrupted Vaults:5
 70935 | Vaults:5 | Noticed an ancient lich
 70936 | Vaults:5 | Noticed a deep elf demonologist
 70944 | Vaults:5 | Noticed a deep elf demonologist
 70946 | Vaults:5 | Killed an entropy weaver
 70954 | Vaults:5 | Killed an ancient lich
 70954 | Vaults:5 | Reached skill level 16 in Invocations
 70984 | Vaults:5 | Killed a deep elf demonologist
 71103 | Vaults:5 | Reached skill level 13 in Evocations
 71151 | Vaults:5 | Reached skill level 10 in Dodging
 71173 | Vaults:5 | Identified the +8 short sword of Jinnonon {freeze, *Rage
                  | rElec rF+ MR+}
 71191 | Vaults:5 | Reached skill level 19 in Unarmed Combat
 71300 | Vaults:5 | Identified the amulet "Xaosuiqo" {Harm *Drain Int+4} (You
                  | found it on level 5 of the Vaults)
 71303 | Vaults:5 | Identified the +2 longbow "Umniten" {velocity, rF+++ Str+3
                  | Int-4 Dex-2} (You found it on level 5 of the Vaults)
 71416 | Vaults:5 | Identified the +3 ring mail of Undesirable Species {MP+9}
 71549 | Vaults:5 | Reached skill level 16 in Fighting
 71554 | Vaults:5 | Reached skill level 16 in Armour
 71593 | Vaults:5 | Noticed a deep elf demonologist
 71607 | Vaults:5 | Killed a deep elf demonologist
 71684 | Vaults:5 | Got a silver rune of Zot
 71955 | Vaults:5 | Reached XP level 26. HP: 265/265 MP: 34/34
 72046 | Vaults:5 | Identified the cursed +1 shortbow "Dragon's Tongue"
                  | {velocity, rF- rC++ rN+ MR-}
 73092 | Vaults:1 | Bought a runed cloak for 292 gold pieces
 73886 | Zot:1    | Entered Level 1 of the Realm of Zot
 74405 | Zot:3    | Reached skill level 14 in Throwing
 74993 | Zot:3    | Reached skill level 11 in Dodging
 75274 | Zot:5    | Entered Level 5 of the Realm of Zot
 75528 | Zot:5    | Found Athraro's Changing Room.
 75535 | Zot:5    | Noticed a curse toe
 75563 | Zot:5    | Bought 2 potions of mutation for 208 gold pieces
 75563 | Zot:5    | Bought a potion of mutation for 104 gold pieces
 75667 | Zot:5    | Killed a curse toe
 76133 | Zot:5    | Corrupted Zot:5
 76134 | Zot:5    | Noticed a lich
 76146 | Zot:5    | Killed an ancient lich
 76396 | Zot:5    | Reached skill level 15 in Throwing
 76416 | Zot:5    | Noticed an ancient lich
 76419 | Zot:5    | Killed an ancient lich
 76545 | Zot:5    | Noticed an orb of fire
 76551 | Zot:5    | Gained mutation: Armour fits poorly on your strangely
                  | shaped body. [an orb of fire]
 76558 | Zot:5    | Killed an orb of fire
 76560 | Zot:5    | Noticed an orb of fire
 76561 | Zot:5    | Gained mutation: Your body sometimes deteriorates upon
                  | taking damage. [an orb of fire]
 76566 | Zot:5    | Gained mutation: You tend to lose your temper in combat.
                  | [an orb of fire]
 76570 | Zot:5    | Killed an orb of fire
 76577 | Zot:5    | Noticed an orb of fire
 76592 | Abyss:1  | HP: 63/267 [seven-headed hydra (2)]
 76596 | Abyss:1  | Killed Pikel
 76621 | Abyss:1  | Killed Nikola
 76621 | Abyss:1  | Reached XP level 27. HP: 123/275 MP: 34/34
 76743 | Zot:5    | Escaped the Abyss
 76743 | Zot:5    | Gained mutation: You are partially covered in iridescent
                  | scales. (AC +2) [an orb of fire]
 76750 | Zot:5    | Killed an orb of fire
 76760 | Zot:5    | Noticed an orb of fire
 76770 | Zot:5    | Killed an orb of fire
 76770 | Zot:5    | Reached skill level 12 in Dodging
 76774 | Zot:5    | Noticed an orb of fire
 76779 | Zot:5    | Noticed an orb of fire
 76787 | Zot:5    | Killed an orb of fire
 76787 | Zot:5    | Reached skill level 16 in Throwing
 76792 | Zot:5    | Killed an orb of fire
 76877 | Zot:5    | Noticed an ancient lich
 77151 | Zot:5    | Killed an ancient lich
 77151 | Zot:5    | Reached skill level 17 in Invocations
 77208 | Zot:5    | Noticed an orb of fire
 77223 | Zot:5    | Killed an orb of fire
 77250 | Zot:5    | Reached skill level 17 in Throwing
 77403 | Zot:5    | Noticed an orb of fire
 77404 | Zot:5    | Gained mutation: You are clumsy. (Dex -2) [an orb of fire]
 77411 | Zot:5    | Gained mutation: You often lose your temper in combat. [an
                  | orb of fire]
 77418 | Zot:5    | Killed an orb of fire
 77533 | Zot:5    | Noticed an orb of fire
 77549 | Zot:5    | Killed an orb of fire
 77962 | Zot:5    | Reached skill level 18 in Throwing
 78095 | Zot:5    | Noticed an orb of fire
 78101 | Zot:5    | Gained mutation: You are weak. (Str -2) [an orb of fire]
 78105 | Zot:5    | Killed an orb of fire
 78406 | Zot:5    | Noticed an ancient lich
 78407 | Zot:5    | Got the Orb of Zot
 78417 | Zot:5    | Gained mutation: You have large cloven feet. [a neqoxec]
 78422 | Zot:5    | Noticed Aruykhaf the pandemonium lord
 78503 | Zot:3    | Noticed a Brimstone Fiend
 78524 | Zot:2    | Noticed a Brimstone Fiend
 78629 | Depths:2 | Noticed a Tzitzimitl
 78643 | Depths:2 | HP: 35/275 [Tzitzimitl/bolt of cold (39)]
 78717 | Depths:1 | Noticed Hifril the pandemonium lord
 78717 | Depths:1 | Corrupted Depths:1
 78717 | Depths:1 | Noticed a deep elf demonologist
 78920 | D:8      | Noticed an Ice Fiend
 78926 | D:8      | Killed an Ice Fiend
 79077 | D:$      | Escaped with the Orb!

Table legend:
 A = Turns spent in this place as a percentage of turns spent in the entire game.
 B = Non-inter-level travel turns spent in this place as a percentage of non-inter-level travel turns spent in the entire game.
 C = Inter-level travel turns spent in this place as a percentage of turns spent in this place.
 D = Turns resting spent in this place as a percentage of non-inter-level travel turns spent in this place.
 E = Turns spent auto-exploring this place as a percentage of non-inter-level travel turns spent in this place.
 F = Non-inter-level travel turns spent in this place divided by the number of levels of this place that you've seen.
                   A       B       C       D       E      F
               +-------+-------+-------+-------+-------+----------------------
         Total | 100.0 | 100.0 |   8.8 |   7.7 |  65.3 | 1264.9
       Dungeon |  22.7 |  21.3 |  14.6 |   2.1 |  74.7 | 1023.1
          Lair |  12.6 |  12.5 |   9.1 |   2.1 |  77.2 | 1507.7
         Swamp |   7.7 |   8.0 |   5.2 |   6.1 |  69.0 | 1436.8
     Snake Pit |   8.6 |   9.0 |   4.8 |   0.2 |  74.2 | 1616.8
  Orcish Mines |   2.8 |   2.7 |  10.5 |   2.2 |  70.7 | 976.0
   Elven Halls |   6.0 |   6.0 |   8.8 |  12.6 |  61.6 | 1439.7
        Vaults |  12.7 |  12.4 |  11.1 |   6.4 |  63.9 | 1787.6
         Crypt |   6.2 |   6.4 |   5.3 |  15.4 |  59.9 | 1537.7
        Depths |  11.6 |  11.7 |   7.5 |   4.1 |  67.4 | 1693.6
           Zot |   5.7 |   6.1 |   2.2 |  46.9 |   7.6 | 884.2
         Abyss |   0.2 |   0.2 |   0.0 |  56.5 |   0.0 |  85.0
      Ice Cave |   1.7 |   1.8 |   0.0 |  12.2 |  54.6 | 1307.0
        Wizlab |   1.0 |   1.1 |   0.0 |   7.5 |  48.6 | 772.0
      Gauntlet |   0.7 |   0.7 |   0.0 |   9.4 |  46.8 | 532.0
               +-------+-------+-------+-------+-------+----------------------

Table legend:
 A = Kills in this place as a percentage of kills in entire the game.
 B = Kills by you in this place as a percentage of kills by you in the entire game.
 C = Kills by friends in this place as a percentage of kills by friends in the entire game.
 D = Other kills in this place as a percentage of other kills in the entire game.
 E = Experience gained in this place as a percentage of experience gained in the entire game.
 F = Experience gained in this place divided by the number of levels of this place that you have seen.
                   A       B       C       D       E      F
               +-------+-------+-------+-------+-------+----------------------
         Total | 100.0 | 100.0 | 100.0 | 100.0 | 100.0 | 29003.8
       Dungeon |  18.4 |  18.4 |   0.0 |  19.0 |   4.9 | 5407.4
          Lair |   7.7 |   7.6 |   0.0 |   9.5 |   3.4 | 9461.2
         Swamp |   7.1 |   6.3 |  10.0 |  19.0 |   4.3 | 17941.5
     Snake Pit |   7.2 |   7.1 |  10.0 |   8.2 |   7.0 | 29019.5
  Orcish Mines |   4.2 |   4.2 |   0.0 |   4.8 |   0.7 | 5974.5
   Elven Halls |   4.9 |   5.0 |   0.0 |   2.7 |   6.5 | 35747.0
        Vaults |  19.9 |  19.8 |  70.0 |  18.4 |  21.1 | 69631.8
         Crypt |   7.8 |   8.2 |   0.0 |   1.4 |   9.0 | 49523.0
        Depths |  14.5 |  15.1 |   0.0 |   5.4 |  23.1 | 76543.0
           Zot |   4.1 |   4.0 |   0.0 |   6.1 |  17.4 | 57513.2
         Abyss |   0.1 |   0.0 |  10.0 |   0.7 |   0.2 | 1615.5
      Ice Cave |   2.3 |   2.3 |   0.0 |   1.4 |   0.7 | 11239.0
        Wizlab |   1.1 |   1.1 |   0.0 |   2.0 |   1.3 | 22295.0
      Gauntlet |   0.8 |   0.8 |   0.0 |   1.4 |   0.3 | 4531.0
               +-------+-------+-------+-------+-------+----------------------

Skill      XL: |  1  2  3  4  5  6  7  8  9 10 11 12 13 14 15 16 17 18 19 20 21 22 23 24 25 26 27 |
---------------+----------------------------------------------------------------------------------+-----
Fighting       | 3 5 7 8 9 11 12 13 14 15 16 | 16.3
Unarmed Combat | 3 4 6 7 8 9 11 12 13 14 15 16 17 18 19 | 19.5
Invocations    | 2 3 4 8 9 10 11 12 13 14 15 16 17 | 17.0
Dodging        | 3 4 5 7 8 9 10 11 12 | 12.0
Evocations     | 4 5 6 7 8 9 10 11 12 13 | 13.5
Shields        | 3 5 7 9 10 11 12 13 15 | 15.0
Armour         | 5 8 11 13 14 15 16 | 16.3
Throwing       | 5 8 12 13 15 18 | 18.7

Action                   |  1- 3 |  4- 6 |  7- 9 | 10-12 | 13-15 | 16-18 | 19-21 | 22-24 | 25-27 || total
-------------------------+-------+-------+-------+-------+-------+-------+-------+-------+-------++-------
Melee: Unarmed           |   101 |   120 |   294 |   678 |  1569 |  1748 |  1695 |  1599 |  1039 ||  8843
       Punch             |       |     2 |     9 |     7 |       |       |       |       |       ||    18
       Kick              |       |       |       |       |       |       |       |       |    18 ||    18
 Fire: Fustibalus        |       |       |    43 |       |    28 |       |       |       |       ||    71
Throw: Stone             |     6 |    19 |    20 |    84 |    58 |       |       |       |       ||   187
       Dart              |       |     3 |       |       |       |       |       |       |       ||     3
       Javelin           |       |       |       |       |    18 |       |       |       |       ||    18
       Boomerang         |       |       |       |       |   193 |   113 |       |       |       ||   306
       Large rock        |       |       |       |       |     2 |    55 |   194 |   276 |   267 ||   794
Invok: Depart the Abyss  |     1 |       |       |       |       |       |       |       |     1 ||     2
       Banish            |       |       |     7 |    17 |    55 |    65 |    35 |    10 |    21 ||   210
       Corrupt           |       |       |       |       |     1 |     1 |       |       |     3 ||     5
       Enter the Abyss   |       |       |       |       |       |       |       |       |     1 ||     1
Evoke: Wand              |       |       |       |     4 |       |    34 |    12 |    11 |     5 ||    66
       Lamp of fire      |       |       |       |       |       |     3 |     1 |       |       ||     4
       Box of beasts     |       |       |       |       |       |     2 |       |       |     3 ||     5
       Phantom mirror    |       |       |       |       |       |     1 |       |       |       ||     1
       Sack of spiders   |       |       |       |       |       |     1 |       |     1 |     1 ||     3
  Use: Scroll            |     2 |     3 |     1 |     6 |    17 |    21 |    12 |     7 |    23 ||    92
       Potion            |       |     2 |     1 |       |     5 |     2 |     2 |     1 |    25 ||    38
 Stab: Invisible         |       |       |       |       |     1 |       |       |       |       ||     1
       Paralysed         |       |       |       |       |       |     4 |       |       |       ||     4
       Fleeing           |       |       |       |       |       |       |     2 |       |       ||     2
       Distracted        |       |       |       |       |       |       |       |       |     2 ||     2
  Eat: Chunk             |    13 |    18 |    33 |    94 |   167 |    93 |   125 |    82 |    40 ||   665
       Ration            |       |       |       |       |       |    17 |     1 |     6 |    24 ||    48
Armor: Robe              |    32 |    35 |   121 |   172 |   256 |     2 |       |       |       ||   618
       Skin              |       |       |       |       |    18 |       |       |       |       ||    18
       Swamp dragon scal |       |       |       |       |       |   236 |       |       |       ||   236
       Storm dragon scal |       |       |       |       |       |   192 |   368 |   400 |   148 ||  1108
Dodge: Dodged            |    43 |    58 |   177 |   203 |   249 |   330 |   327 |   329 |   179 ||  1895
Block: Large shield      |       |       |       |   264 |  1255 |  1605 |  1654 |  1616 |   776 ||  7170

Vanquished Creatures
  10 orbs of fire (Zot:5)
  Mara (D:15)
  5 ancient liches
  2 juggernauts
  The ghost of Konwih the Slayer, a veteran FoFi of Vehumet (Crypt:3)
  3 Killer Klowns (Zot:5)
  A caustic shrike (Depths:1)
  A curse toe (Zot:5)
  Jory (Vaults:3)
  A golden dragon (Zot:3)
  A bone dragon (Crypt:3)
  the Enchantress (Depths:3)
  5 liches
  4 electric golems
  An Ice Fiend (D:8)
  18 Orb Guardians
  6 tentacled monstrosities
  2 deep elf master archers (Elf:3)
  2 titans
  2 deep elf blademasters (Elf:3)
  A death cob (Zot:5)
  5 quicksilver dragons
  10 ancient champions
  7 sphinxes
  12 shadow dragons
  4 tengu reavers
  2 revenants (Crypt:3)
  9 storm dragons
  10 nagarajas
  3 draconian monks
  16 vault wardens
  An iron dragon (Depths:3)
  A blood saint (WizLab)
  8 fire giants
  5 deep elf sorcerers
  A draconian knight (Zot:3)
  A draconian scorcher (Zot:3)
  A balrug (WizLab)
  Aizul (Swamp:1)
  3 cacodemons (WizLab)
  2 ghost moths
  10 frost giants
  A juggernaut zombie (Crypt:2)
  2 orc warlords (Vaults:4)
  3 ghouls
  An angel (Depths:5)
  3 spriggan defenders (Depths:3)
  3 curse skulls
  A reaper (D:14)
  3 deep elf elementalists
  The ghost of bmj180 the Fighter, a journeyman GnWn of Okawaru (Lair:6)
  15 ironheart preservers
  2 war gargoyles
  4 caustic shrike skeletons (Crypt:3)
  5 draconian annihilators
  24 stone giants
  19 very ugly things
  2 entropy weavers
  3 deep elf annihilators (Elf:3)
  12 vampire knights
  8 deep elf demonologists
  5 white draconians
  5 red draconians
  A lorocyproca (WizLab)
  5 black draconians
  2 spark wasps
  3 green draconians
  7 yellow draconians
  9 purple draconians
  A green death (WizLab)
  A merfolk javelineer (Depths:2)
  9 ettins
  4 eidola
  Josephine (Lair:4)
  11 deep elf death magi
  20 yaktaur captains
  A spectral golden dragon (Depths:3)
  19 jiangshi
  2 blizzard demons (IceCv)
  11 fire dragons
  3 deep elf high priests
  The ghost of Suq Sot the Fighter, a journeyman DrSk of Okawaru (D:13)
  11 great orbs of eyes
  A quicksilver dragon zombie (Crypt:1)
  2 quicksilver dragon skeletons
  23 vault guards
  11 ice dragons
  2 hell beasts (WizLab)
  8 rakshasas
  6 spriggan air magi
  4 hydras (Swamp:4)
  14 naga warriors
  15 anacondas
  9 centaur warriors
  16 alligators
  2 catoblepae
  A spectral frost giant (Crypt:3)
  9 deep troll shamans
  A satyr (shapeshifter) (Vaults:5)
  29 dancing weapons
  40 two-headed ogres
  12 ogre magi
  6 death knights
  7 tengu warriors
  An orc high priest (Orc:2)
  8 deep troll earth magi
  A titan zombie (Depths:4)
  9 shock serpents
  14 hell knights
  14 naga sharpshooters
  10 spriggan berserkers
  10 vampire magi
  18 deep elf knights
  2 soul eaters
  A spectral ghost moth (Crypt:3)
  2 storm dragon skeletons (Crypt:3)
  3 sixfirhies (WizLab)
  A sun demon (WizLab)
  34 skeletal warriors
  3 shadow wraiths
  2 salamander mystics (Snake:4)
  9 iron trolls
  6 titan skeletons
  A quicksilver dragon simulacrum (Crypt:3)
  13 swamp dragons
  25 deep trolls
  A spectral hydra (Crypt:3)
  An unseen horror (shapeshifter) (Depths:1)
  6 naga ritualists
  5 flayed ghosts
  A death drake (shapeshifter) (Depths:3)
  2 unseen horrors
  7 glowing orange brains
  The ghost of Borgoz the Cutter, a novice KoFi of Okawaru (D:6)
  6 wizards
  A golden dragon skeleton (Crypt:3)
  2 lindwurms (Snake:4)
  8 necromancers
  10 phantasmal warriors
  11 orc knights
  3 orb spiders (shapeshifter)
  A lindwurm (shapeshifter) (Depths:5)
  21 mana vipers
  12 harpies
  A harpy (shapeshifter) (Vaults:3)
  8 ironbrand convokers
  18 deep elf archers
  2 anaconda skeletons (Crypt:3)
  A shadow dragon zombie (Vaults:4)
  Pikel (Abyss:1)
  A wolf spider zombie (D:15)
  42 deep elf magi
  A frost giant zombie (Crypt:1)
  47 ugly things
  6 salamanders
  A stone giant zombie (Crypt:1)
  An oklob plant (Lair:4)
  A salamander (shapeshifter) (Vaults:3)
  A cyclops (shapeshifter) (Elf:3)
  A spectral ettin (Crypt:3)
  A spectral alligator (Crypt:3)
  2 iron dragon skeletons
  4 orc sorcerers
  3 wolf spiders
  A manticore (D:14)
  2 frost giant skeletons
  7 cyclopes
  20 elephants
  An ice statue (IceCv)
  A spectral centaur (D:12)
  A stone giant skeleton (Vaults:5)
  4 moths of wrath
  A fire giant skeleton (Vaults:5)
  5 guardian serpents
  3 rust devils
  12 vault sentinels
  42 black mambas
  2 black mambas (shapeshifter)
  13 naga magi
  A titan simulacrum (Crypt:3)
  The ghost of night the Dealer of Despair, a novice DsNe of Kikubaaqudgha (D:6)
  2 dire elephant skeletons (Crypt:3)
  15 spiny frogs
  2 gargoyles
  2 smoke demons (WizLab)
  2 orange demons
  3 rime drakes
  2 shock serpent skeletons (Crypt:3)
  A centaur skeleton (D:10)
  A spectral redback (D:12)
  5 komodo dragons
  A komodo dragon (shapeshifter) (Depths:1)
  A hellion (D:14)
  2 hellwings
  2 yaktaur skeletons
  5 anaconda simulacra (IceCv)
  A troll (shapeshifter) (Vaults:5)
  2 catoblepas skeletons (Crypt:3)
  9 ice devils
  16 freezing wraiths
  82 yaktaurs
  A queen bee (shapeshifter) (Vaults:2)
  4 trolls
  4 red devils
  2 golden dragon simulacra (IceCv)
  3 meliai (shapeshifter)
  6 tengu conjurers
  A wolf spider simulacrum (IceCv)
  3 polar bears
  15 tyrant leeches
  A merfolk (D:15)
  14 hornets
  An ettin zombie (Crypt:1)
  36 slime creatures
  A large abomination (D:15)
  The ghost of argonath the Slinger, an amateur HaHu (D:3)
  A blink frog (shapeshifter) (Vaults:5)
  A jumping spider zombie (Crypt:2)
  6 dream sheep (Lair:6)
  10 blink frogs
  11 bog bodies
  12 hippogriffs
  A fire giant simulacrum (Crypt:3)
  A hippogriff (shapeshifter) (Vaults:4)
  16 flying skulls (Gauntlet)
  A meliai zombie (D:14)
  A shadow (Vaults:2)
  A stone giant simulacrum (Crypt:3)
  A frost giant simulacrum (Crypt:3)
  An air elemental (Elf:3)
  A tarantella (Vaults:4)
  5 centaur simulacra
  13 water elementals
  5 redbacks
  A redback (shapeshifter) (Vaults:4)
  14 spriggans
  4 ynoxinuls
  5 wyverns
  2 fire dragon skeletons (Crypt:3)
  A dire elephant simulacrum (IceCv)
  Sigmund (D:2)
  17 wraiths
  A wyvern (shapeshifter) (Depths:2)
  5 hogs (Lair:4)
  A golden eye (Depths:2)
  32 yaks
  A chaos spawn (WizLab)
  7 basilisks
  2 ettin skeletons
  A steam dragon (shapeshifter) (Vaults:5)
  3 hungry ghosts
  18 vampire mosquitoes
  8 fire elementals
  A human simulacrum (Vaults:1)
  A steam dragon (Lair:3)
  31 nagas
  18 insubstantial wisps
  2 iron troll simulacra (IceCv)
  15 swamp worms
  An acid dragon (Vaults:1)
  16 wargs
  3 harpy simulacra (IceCv)
  6 hell hounds
  2 hydra simulacra (IceCv)
  2 floating eyes (shapeshifter)
  22 water moccasins
  11 porcupines
  54 orc warriors
  A gelid demonspawn skeleton (Crypt:1)
  A meliai simulacrum (D:13)
  An eye of draining (D:14)
  15 swamp drakes
  4 black bears
  3 ice beasts
  2 necrophages (Crypt:1)
  4 ettin simulacra
  3 orc zombies
  3 sky beasts
  An ice dragon simulacrum (Crypt:3)
  3 phantoms
  47 ogres
  5 wolves
  17 centaurs
  2 elf skeletons
  A lindwurm skeleton (Crypt:1)
  3 manticore skeletons (Crypt:3)
  A snapping turtle skeleton (Crypt:1)
  A swamp dragon skeleton (Crypt:1)
  8 crocodiles
  5 big kobolds
  A torpor snail zombie (Crypt:2)
  5 human zombies
  An elf zombie (Crypt:1)
  6 gnoll sergeants
  3 human skeletons
  20 bullfrogs
  A komodo dragon skeleton (Crypt:3)
  A wyvern zombie (D:12)
  A cyclops zombie (Crypt:2)
  2 wyvern skeletons
  4 scorpions
  9 killer bees
  2 troll zombies
  34 wights
  A wolf zombie (Crypt:1)
  2 electric eels
  7 howler monkeys
  6 crimson imps
  3 bullfrog zombies
  7 centaur zombies
  13 hounds
  A quasit (D:8)
  5 draconian simulacra (IceCv)
  19 orc priests
  19 orc wizards
  4 jellies
  9 worker ants
  2 iguanas
  A hell rat (Lair:6)
  A spriggan simulacrum (IceCv)
  3 troll simulacra (IceCv)
  A killer bee zombie (D:8)
  A dwarf zombie (Crypt:2)
  An ogre zombie (Crypt:1)
  A tengu zombie (Crypt:1)
  A felid skeleton (Crypt:3)
  An acid dragon skeleton (Crypt:1)
  A mummy (Crypt:1)
  28 gnolls
  19 adders
  3 ogre simulacra (IceCv)
  3 naga simulacra (IceCv)
  4 shadow imps
  8 white imps
  4 ufetubi (IceCv)
  An ooze (D:3)
  A halfling zombie (Crypt:3)
  An adder skeleton (D:5)
  2 worms
  A dart slug (D:1)
  7 leopard geckos
  110 orcs
  3 ball pythons
  5 giant cockroaches
  10 hobgoblins
  10 jackals
  4 quokkas
  4 bats
  4 frilled lizards
  A giant cockroach zombie (D:5)
  8 goblins
  A jackal skeleton (D:4)
  A jackal zombie (D:5)
  22 kobolds
  9 rats
  A rat skeleton (Crypt:1)
  3 plants
2444 creatures vanquished.

Vanquished Creatures (collateral kills)
  Nikola (Abyss:1)
  A very ugly thing (Vaults:5)
  A hydra (Swamp:4)
  An ogre mage (Vaults:5)
  A two-headed ogre (Vaults:5)
  2 ugly things (Vaults:5)
  A naga (Snake:3)
  2 ogres (Vaults:5)
10 creatures vanquished.

Vanquished Creatures (others)
  An ancient lich (Zot:5)
  A caustic shrike (Depths:1)
  A tentacled monstrosity (Vaults:5)
  An electric golem (Zot:5)
  4 Orb Guardians (Zot:5)
  A titan (Vaults:5)
  A sphinx (Vaults:5)
  A shadow dragon (Vaults:5)
  A death cob (Zot:5)
  2 thorn hunters (Swamp:4)
  A tengu reaver (Vaults:5)
  A draconian monk (Zot:5)
  A nagaraja (Snake:4)
  4 vault wardens (Vaults:5)
  A fire giant (Vaults:5)
  A frost giant (Vaults:2)
  An iron dragon (Vaults:5)
  A draconian annihilator (Zot:4)
  2 draconian shifters
  3 very ugly things (Vaults:5)
  A stone giant (Vaults:5)
  An ironheart preserver (Vaults:5)
  An entropy weaver (Vaults:5)
  A green draconian (Zot:5)
  A black draconian (Zot:5)
  A dire elephant (D:15)
  A deep elf demonologist (Vaults:5)
  A white draconian (Zot:5)
  A minotaur (Gauntlet)
  A yellow draconian (Zot:5)
  3 ettins
  A jiangshi (Crypt:3)
  12 vault guards (Vaults:5)
  An ice dragon (Swamp:4)
  18 hydras
  2 shambling mangroves
  2 naga warriors (Snake:4)
  2 alligators
  A hell beast (WizLab)
  A death knight (D:15)
  A deep troll shaman (Depths:3)
  5 two-headed ogres
  2 anacondas
  An ogre mage (Vaults:5)
  3 centaur warriors
  A vampire mage (Crypt:3)
  3 tengu warriors
  2 shock serpents
  4 naga sharpshooters (Snake:4)
  A deep elf knight (Elf:2)
  A sun demon (Lair:6)
  A death drake (shapeshifter) (D:12)
  3 salamander mystics (Snake:4)
  A naga ritualist (Snake:4)
  A deep troll (Depths:3)
  2 flayed ghosts
  2 swamp dragons
  A wizard (Lair:6)
  A phantasmal warrior (Vaults:5)
  An orange crystal statue (Zot:5)
  7 ironbrand convokers
  7 orc knights
  2 lindwurms (Snake:4)
  An oklob plant (Lair:4)
  5 deep elf magi
  A manticore (shapeshifter) (Vaults:5)
  A shining eye (shapeshifter) (Depths:1)
  8 moths of wrath
  5 ugly things
  A manticore (D:15)
  9 vault sentinels
  3 guardian serpents
  4 naga magi (Snake:4)
  2 black mambas
  A gargoyle (D:15)
  4 yaktaurs
  An anaconda simulacrum (IceCv)
  An ice devil (Gauntlet)
  A freezing wraith (D:12)
  A red devil (Lair:6)
  2 hellwings (Depths:1)
  3 trolls (D:10)
  5 slime creatures
  A hippogriff (D:15)
  A slime creature (shapeshifter) (Vaults:5)
  A centaur simulacrum (D:15)
  A dire elephant simulacrum (IceCv)
  A large abomination (Depths:1)
  2 neqoxecs
  Menkaure (D:6)
  2 swamp worms
  9 nagas
  5 orc warriors
  3 slaves (D:6)
  An ogre (D:7)
  6 centaurs (D:15)
  2 gnoll sergeants (D:10)
  A gnoll shaman (D:5)
  A hound (D:6)
  2 orc wizards
  2 gnolls
  3 orcs (D:15)
  2 jackals (D:6)
  22 fungi
  10 plants
  28 starspawn tentacles
  5 withered plants (D:6)
307 creatures vanquished.

Grand Total: 2761 creatures vanquished
